 Dungeon Crawl Stone Soup version 0.30-a0-439-g9e77e4d916 (webtiles) character file.

Game seed: 9270781408904298957

46 AigisTheKnight the Firebug (level 3, 0/24 HPs)
             Began as a Demonspawn Fire Elementalist on Dec 10, 2022.
             Slain by a worm (8 damage)
             ... on level 2 of the Dungeon.
             The game lasted 00:01:40 (1653 turns).

AigisTheKnight the Firebug (DsFE)                   Turns: 1653, Time: 00:01:40

Health: 0/24       AC:  3    Str:  8    XL:     3   Next: 46%
Magic:  4/6        EV: 11    Int: 18    God:
Gold:   97         SH:  0    Dex: 13    Spells: 5/6 levels left

rFire   . . .      SeeInvis .    c - +0 mace
rCold   . . .      Faith    .    (no shield)
rNeg    . . .      Spirit   .    g - +0 leather armour
rPois   .          Reflect  .    (no helmet)
rElec   .          Harm     .    (no cloak)
rCorr   .          Rampage  .    (no gloves)
Will    .....                    (no boots)
Stlth   ++........               (no amulet)
HPRegen 0.24/turn                (no ring)
MPRegen 0.10/turn                (no ring)

@: no status effects
A: powered by death 1
a: no special abilities


You were on level 2 of the Dungeon.
You visited 1 branch of the dungeon, and saw 2 of its levels.

You collected 97 gold pieces.

Inventory:

Hand Weapons
 c - a +0 mace (weapon)
Armour
 a - a +0 robe
 g - a +0 leather armour (worn)
Scrolls
 h - 2 scrolls of teleportation {unknown}
 i - a scroll of identify {unknown}
 k - a scroll of fog {unknown}
 l - 2 scrolls of blinking {unknown}
 m - 2 scrolls of enchant weapon {unknown}
 n - 2 scrolls of noise {unknown}
Potions
 b - a potion of magic
 d - 2 potions of curing {unknown}
 e - a potion of heal wounds {unknown}
 f - a potion of haste {unknown}
 j - a potion of berserk rage {unknown}
 o - a potion of brilliance {unknown}


   Skills:
 + Level 2.2 Dodging
 + Level 2.3 Stealth
 + Level 2.3 Spellcasting
 + Level 1.7 Conjurations
 + Level 3.0 Fire Magic


You had 5 spell levels left.
You knew the following spells:

 Your Spells              Type           Power      Damage    Failure   Level
a - Foxfire               Conj/Fire      40%        2x1d6     10%         1

Your spell library contained the following spells:

 Spells                   Type           Power      Damage    Failure   Level
 Scorch                   Fire           26%        2d6       11%         2
 Inner Flame              Hex/Fire       7%         N/A       38%         3
 Kindle Blastsparks       Fire/Tloc/Air  10%        2d10      45%         3
 Flame Wave               Conj/Fire      10%        2d6       67%         4


Dungeon Overview and Level Annotations

Branches:
Dungeon (2/15)

Altars:


Innate Abilities, Weirdness & Mutations

You regenerate a little health from kills.


Message History

There is not enough space to conjure foxfire!
The foxfire hits the worm.
The worm is moderately wounded.
Casting: Foxfire (safe; 10% risk of failure)
Confirm with . or Enter, or press ? or * to list all spells.
You conjure some foxfire!
The foxfire hits the worm.
The worm is heavily wounded.
Casting: Foxfire (safe; 10% risk of failure)
Confirm with . or Enter, or press ? or * to list all spells.
You conjure some foxfire!
The foxfire hits the worm.
The worm is heavily wounded.
Casting: Foxfire (safe; 10% risk of failure)
Confirm with . or Enter, or press ? or * to list all spells.
There is not enough space to conjure foxfire!
You hit the worm.
The worm is heavily wounded.
You barely miss the worm.
The worm is heavily wounded.
The worm misses you.
You hit the worm.
The worm is heavily wounded.
The worm misses you.
You hit the worm but do no damage.
The worm is heavily wounded.
The worm bites you.
You hit the worm.
The worm is almost dead.
The worm bites you!
You barely miss the worm.
The worm is severely wounded.
The worm bites you!
You are too injured to fight recklessly!
You are too injured to fight recklessly!
You hit the worm.
The worm is severely wounded.
You hit the worm but do no damage.
The worm is severely wounded.
The worm bites you!
You die...

##...#.........
##'######..... #.#
#####. #.# #. ##.##
#. ##...## # #.....#
#.########...##
#....w@..##.#########
########.........>...
####.######### #.#
#.# #.# ..# ..# ..#


You could see a worm.

Vanquished Creatures
  A gnoll (D:1)
  2 dart slugs (D:1)
  4 endoplasms
  6 goblins
  2 hobgoblins (D:2)
  A quokka (D:1)
  4 ball pythons
  2 bats
  4 frilled lizards
  3 kobolds
  4 rats
33 creatures vanquished.

Vanquished Creatures (others)
  68 foxfires
68 creatures vanquished.

Grand Total: 101 creatures vanquished

Notes
Turn   | Place    | Note
-------+----------+-------------------------------------------
     0 | D:1      | AigisTheKnight the Demonspawn Fire Elementalist began the
                  | quest for the Orb.
     0 | D:1      | Reached XP level 1. HP: 13/13 MP: 3/3
   336 | D:1      | Gained mutation: You regenerate a little health from kills.
                  | [demonic ancestry]
   336 | D:1      | Reached XP level 2. HP: 19/19 MP: 0/5
   667 | D:1      | Reached skill level 3 in Fire Magic
   667 | D:1      | Reached XP level 3. HP: 24/24 MP: 0/6
  1055 | D:1      | Found a faded altar of an unknown god.
  1653 | D:2      | Slain by a worm

Illustrated notes

Levels and vault maps discovered:
D:1:      evilmike_arrival_hilbert_curve, layout_basic,
          shapermc_ecumenical_altar_acropolis, nicolae_figureground_pulse
D:2:      layout_loops_corners, chequers_serial_rivers_large_a, minivault_11

Skill      XL: |  1  2 |
---------------+-------+-----
Stealth        | 2 |  2.3
Dodging        | 2 |  2.2
Fire Magic     | 3 |  3.0
Spellcasting   | |  2.3
Conjurations   | |  1.7

Action                   || total
-------------------------++-------
Melee: Mace              ||    57
       Punch             ||     1
 Cast: Foxfire           ||    41
 Stab: Sleeping          ||     2
Armor: Leather armour    ||     6
Dodge: Dodged            ||    37

Table legend: (Time is in decaauts)
 A = Elapsed time spent in this place.
 B = Non-inter-level travel time spent in this place.
 C = Inter-level travel time spent in this place.
 D = Time resting spent in this place.
 E = Time spent auto-exploring this place.
 F = Levels seen in this place.
 G = Mean time per level.
                   A        B        C        D        E       F      G
               +--------+--------+--------+--------+--------+-----+--------+
         Total |   1675 |   1653 |     22 |      0 |   1381 |   2 |  837.5 |
       Dungeon |   1675 |   1653 |     22 |      0 |   1381 |   2 |  837.5 |
               +--------+--------+--------+--------+--------+-----+--------+

Top non-repeatable levels by time:
     D:1: 1095 daAuts
     D:2: 579 daAuts
